[Event "*** Titled Tuesday Blitz"]
[Site "Chess.com"]
[Date "2020.11.03"]
[Round "5"]
[White "Ladislav1969"]
[Black "Pertinhez76"]
[Result "1-0"]
[WhiteElo "2337"]
[BlackElo "2140"]
[TimeControl "180+1"]
[EndTime "10:58:25 PST"]
[Termination "Ladislav1969 won on time"]

1. e4 e6 2. d4 d5 3. e5 c5 4. c3 Nc6 5. Nf3 Bd7 6. a3 Qb6 7. b4 cxd4 8. cxd4 Nh6 9. Bxh6 gxh6 10. Be2 Bg7 11. O-O O-O 12. Nc3 f6 13. Na4 Qd8 14.
exf6 Bxf6 15. Nc5 b6 16. Nxd7 Qxd7 17. Bb5 Rac8 18. Rc1 Qd6 19. Bxc6 Rxc6 20. Rxc6 Qxc6 21. Qd2 Bg7 22. Rc1 Qd6 23. Qc3 Qf4 24. Re1 Qf5 25.
Qc6 Rf6 26. h3 Bf8 27. Qb7 Qg6 28. Kh1 Qh5 29. Re3 Qf5 30. Qxa7 Bd6 31. Qd7 Qb1+ 32.
Re1 Qxe1+ 33. Nxe1 Bf4 34. Nf3 1-0

[Event "*** Titled Tuesday Blitz"]
[Site "Chess.com"]
[Date "2020.11.03"]
[Round "5"]
[White "SantoBlue"]
[Black "Harry_Rakkel"]
[Result "1-0"]
[WhiteElo "2895"]
[BlackElo "2637"]
[TimeControl "180+1"]
[EndTime "10:58:27 PST"]
[Termination "SantoBlue won by checkmate"]

1. e4 c5 2. Nf3 d6 3. d4 cxd4 4.
Nxd4 Nf6 5. Nc3 a6 6. a3 b5 7. Bg5 Bb7 8. Bxf6 gxf6 9. Qd2 h5 10.
f4 Nd7 11. O-O-O Nc5 12. Qe3 Rc8 13. Kb1 h4 14. Be2 Bh6 15. Nf5 Bf8 16. e5 fxe5 17. fxe5 Bxg2 18. Rhg1 h3 19. exd6 e6 20. Nd5 Rc6 21.
Qe5 Rg8 22. Nf6+ Qxf6 23. Qxf6 Nd7 24. Qd4 exf5 25. Rge1 Kd8 26. Qh4+ Kc8 27. Bxb5 axb5 28. Re8+ Kb7 29. Qd8 Nb6 30. Qb8+ Ka6 31. Rxf8 Rxf8 32. Qxf8 Be4 33. Rd2 Nc4 34. Qa8+ Kb6 35. Qb8+ Kc5 36. b4# 1-0

[Event "*** Titled Tuesday Blitz"]
[Site "Chess.com"]
[Date "2020.11.03"]
[Round "5"]
[White "Kobalia"]
[Black "PSvidler"]
[Result "0-1"]
[WhiteElo "2731"]
[BlackElo "2902"]
[TimeControl "180+1"]
[EndTime "10:58:28 PST"]
[Termination "PSvidler won on time"]

1. e4 c5 2. Nf3 d6 3. Bb5+ Nd7 4. O-O a6 5. Bd3 Ngf6 6. c3 b5 7. Bc2 Bb7 8. Qe2 g6 9. d4 Bg7 10. Rd1 Qc7 11. a4 O-O 12. Na3 b4 13. Nb1 cxd4 14.
cxd4 Rac8 15. Ne1 e5 16. d5 Nc5 17. Nd2 a5 18. Nb3 Ba6 19. Qe3 Ng4 20. Qh3 Nxb3 21.
Bxb3 h5 22. Be3 Nxe3 23. Qxe3 Qc5 24. Qxc5 Rxc5 25. Rac1 Rfc8 26. Rxc5 Rxc5 27. h4 Bh6 28. Nd3 Rc7 29. g3 Kg7 30. Kg2 f5 31. f3 Be3 32.
exf5 gxf5 33. g4 hxg4 34. fxg4 e4 35. Nf2 Be2 36. Re1 Bf3+ 37. Kf1 f4 38. g5 Kg6 0-1

[Event "*** Titled Tuesday Blitz"]
[Site "Chess.com"]
[Date "2020.11.03"]
[Round "5"]
[White "Anna_ChessMate"]
[Black "talyamania"]
[Result "1-0"]
[WhiteElo "2534"]
[BlackElo "2370"]
[TimeControl "180+1"]
[EndTime "10:58:28 PST"]
[Termination "Anna_ChessMate won by resignation"]

1. d4 Nf6 2. c4 c5 3. e3 g6 4. Nf3 Bg7 5. Nc3 O-O 6. Be2 cxd4 7. exd4 d5 8. O-O Nc6 9. h3 Bf5 10. cxd5 Nxd5 11. Bc4 Nb6 12. Bd3 Bxd3 13. Qxd3 Nxd4 14. Nxd4 Qxd4 15. Qf3 Qd7 16. Rd1 Qc6 17. Qxc6 bxc6 18. Ne4 Rfd8 19. Re1 Rd5 20. Rb1 Rad8 21. b3 Rd1 22.
Ba3 Rxb1 23. Rxb1 e6 24. Rc1 Rd4 25. f3 f5 26. Nc5 Bh6 27. Re1 Rd2 28. Bc1 Be3+ 29.
Kh1 Bxc5 30. Bxd2 Kf7 31. Rc1 Bf2 32. Rxc6 Nd5 33. b4 h5 34. a4 Ke7 35. b5 Kd7 36.
Rc2 h4 37. a5 Nc7 38. Bf4 e5 1-0

[Event "*** Titled Tuesday Blitz"]
[Site "Chess.com"]
[Date "2020.11.03"]
[Round "5"]
[White "NeverW84M8"]
[Black "MashaFromRussia"]
[Result "0-1"]
[WhiteElo "2476"]
[BlackElo "2358"]
[TimeControl "180+1"]
[EndTime "10:58:31 PST"]
[Termination "MashaFromRussia won by resignation"]

1. d4 Nf6 2. Bg5 c5 3. d5 Qb6 4. Nc3 Qxb2 5. Bd2 Qb6 6. e4 d6 7.
f4 Nbd7 8. Rb1 Qd8 9. Nf3 e5 10. fxe5 Nxe5 11. Nxe5 dxe5 12. Bb5+ Bd7 13. Bxd7+ Qxd7 14. O-O Be7 15. d6 Qxd6 16. Rxb7 O-O 17. Be3 Qe6 18.
Bg5 Rfd8 19. Qf3 Rd7 20. Rxd7 Qxd7 21. Bxf6 Bxf6 22. Nd5 Bg5 23. Qg3 Qd8 24. Qxe5 h6 25. Qf5 Qf8 26. Qd7 Re8 27. Qc6 Re6 28. Qb7 c4 29. Kh1 a6 30. Nc7 Re7 31. Qb6 Qd8 32. Nd5 Qxb6 33. Nxb6 Rxe4 34. g3 Re2 35. a4 Rxc2 36.
Rb1 c3 37. Nc4 Ra2 38. a5 c2 0-1

[Event "*** Titled Tuesday Blitz"]
[Site "Chess.com"]
[Date "2020.11.03"]
[Round "5"]
[White "kleopl"]
[Black "Fortitudine"]
[Result "1-0"]
[WhiteElo "2433"]
[BlackElo "2274"]
[TimeControl "180+1"]
[EndTime "10:58:31 PST"]
[Termination "kleopl won by resignation"]

1. c4 Nf6 2. Nc3 c5 3. Nf3 g6 4. e3 Bg7 5. d4 cxd4 6. exd4 d5 7. c5 O-O 8. h3 b6 9. cxb6 axb6 10. Bb5 Ba6 11.
Qe2 Bxb5 12. Qxb5 Ra5 13. Qb3 Nc6 14. O-O Ne4 15. Be3 Nxc3 16. Qxc3 Qd6 17. Rfc1 Nd8 18. Qb3 Ne6 19. Bd2 Raa8 20. Bb4 Qd7 21. Qd3 Rfc8 22.
a3 Qa4 23. Bxe7 Nxd4 24. Nxd4 Qxd4 25. Rxc8+ Rxc8 26. Qa6 Re8 27. Qb7 Qxb2 28. Rd1 Bd4 29.
Bh4 Qe2 30. Rf1 Qe4 31. Bg3 Bc5 32. a4 h5 33. Qc6 d4 34. Qf6 Qe6 35. Qf4 d3 36.
Rd1 Qe2 37. Rd2 Qe1+ 38. Kh2 Qe4 39. Qh6 Bf8 40. Qg5 Be7 41. Qb5 Bc5 42. Rxd3 Qb4 43.
Qxe8+ Kg7 44. Rf3 1-0

[Event "*** Titled Tuesday Blitz"]
[Site "Chess.com"]
[Date "2020.11.03"]
[Round "5"]
[White "Mikhail_Golubev"]
[Black "ajdemipopushi"]
[Result "1-0"]
[WhiteElo "2555"]
[BlackElo "2383"]
[TimeControl "180+1"]
[EndTime "10:58:32 PST"]
[Termination "Mikhail_Golubev won on time"]

1. e4 c5 2. Nf3 g6 3. Nc3 Bg7 4. d4 cxd4 5. Nxd4 Nc6 6. Be3 Nf6 7. Bc4 O-O 8. Bb3 Ng4 9. Qxg4 Nxd4 10. Qd1 Nxb3 11. axb3 d6 12. Bd4 a6 13. O-O Be6 14.
Bxg7 Kxg7 15. Qd4+ f6 16. Nd5 Bxd5 17. exd5 Qc7 18.
c3 Qc5 19. Qd2 Rf7 20. Rfe1 f5 21. Re6 f4 22. Rae1 Re8 23. h4 f3 24. g3 Qb5 25. h5 gxh5 26. b4 Qc4 27. R1e4 Qa2 28. Kh2 Qb1 29. Rf4 1-0

[Event "*** Titled Tuesday Blitz"]
[Site "Chess.com"]
[Date "2020.11.03"]
[Round "5"]
[White "Sueetin"]
[Black "sboshaon21"]
[Result "1-0"]
[WhiteElo "2308"]
[BlackElo "2030"]
[TimeControl "180+1"]
[EndTime "10:58:32 PST"]
[Termination "Sueetin won on time"]

1. d4 d5 2. c4 c6 3. cxd5 cxd5 4. Bf4 Nf6 5. e3 e6 6. Nc3 a6 7.
Bd3 Bd6 8. Bxd6 Qxd6 9. Nf3 Nbd7 10. O-O O-O 11. Rc1 b5 12. e4 dxe4 13. Nxe4 Nxe4 14. Bxe4 Rb8 15. Rc6 Qb4 16. Qc2 Nf6 17. a3 Qe7 18. Rc7 Qd6 19. Rc1 Nxe4 20. Qxe4 Qd5 21. Qxd5 exd5 22.
R1c5 Be6 23. Ne5 Rfe8 24. f3 a5 25. Nc6 Rb6 26. Nxa5 b4 27. axb4 Rxb4 28. Nc6 Rxb2 29. h4 g6 30. Kh2 Bf5 31. Ne5 Be6 32. Ra7 Reb8 33. Rcc7 Rd2 34. Nxf7 1-0

[Event "*** Titled Tuesday Blitz"]
[Site "Chess.com"]
[Date "2020.11.03"]
[Round "5"]
[White "Chernobay_Artem"]
[Black "brunomorado"]
[Result "1-0"]
[WhiteElo "2624"]
[BlackElo "2441"]
[TimeControl "180+1"]
[EndTime "10:58:33 PST"]
[Termination "Chernobay_Artem won by resignation"]

1. d4 d5 2. c4 c6 3. Nf3 Nf6 4. Nc3 e6 5. Bg5 h6 6. Bxf6 Qxf6 7. e3 g6 8. Rc1 Nd7 9. Bd3 Bg7 10. e4 dxc4 11. e5 Qe7 12. Bxc4 c5 13. O-O cxd4 14. Qxd4 O-O 15. Nb5 Nb6 16. Bd3 Bd7 17. Rc7 Rfd8 18. Nd6 Nd5 19. Rxb7 Qxd6 20. exd6 Bxd4 21. Nxd4 Be8 22.
Bb5 Rxd6 23. Bxe8 Rxe8 24. Rxa7 Nb4 25. Nf3 Rc8 26. a3 Nd3 27. b4 Rc2 28. g3 Rc3 29. Kg2 Nb2 30. b5 Rc4 31. Ne5 Rc5 32. Nxf7 Rb6 33. Nxh6+ Kh8 34. a4 1-0

[Event "*** Titled Tuesday Blitz"]
[Site "Chess.com"]
[Date "2020.11.03"]
[Round "5"]
[White "paulrusan"]
[Black "Forantes"]
[Result "1-0"]
[WhiteElo "2196"]
[BlackElo "2394"]
[TimeControl "180+1"]
[EndTime "10:58:33 PST"]
[Termination "paulrusan won by checkmate"]

1. e4 c5 2. b4 cxb4 3. Bb2 Nc6 4. d4 d5 5. exd5 Qxd5 6. c4 Qe4+ 7. Ne2 Bd7 8. Nd2 Qf5 9. Ng3 Qf6 10. Nde4 Qf4 11.
Bd3 e5 12. d5 Nd4 13. O-O Be7 14. Re1 O-O-O 15. c5 Bg4 16. Qa4 Kb8 17. d6 Bh4 18. Bxd4 exd4 19. Qxb4 Bd7 20. Rab1 Bc6 21. Bb5 Bd5 22.
c6 Bxg3 23. c7+ Kc8 24. cxd8=Q+ Kxd8 25. hxg3 Qg4 26. Qxd4 Nf6 27. Qxa7 Nxe4 28. Rxe4 Bxe4 29. Qb6+ Kc8 30. Qc7# 1-0

[Event "*** Titled Tuesday Blitz"]
[Site "Chess.com"]
[Date "2020.11.03"]
[Round "5"]
[White "Bastiandash"]
[Black "tan275"]
[Result "1-0"]
[WhiteElo "2346"]
[BlackElo "2183"]
[TimeControl "180+1"]
[EndTime "10:58:34 PST"]
[Termination "Bastiandash won on time"]

1. d4 d5 2. Nf3 Nf6 3. Bg5 e6 4. Nbd2 c5 5. e3 Nc6 6. c3 Be7 7. Bd3 h6 8. Bh4 O-O 9. O-O Rb8 10. Ne5 Qc7 11. f4 b5 12. g4 b4 13. g5 hxg5 14.
Bxg5 bxc3 15. bxc3 cxd4 16. cxd4 Nb4 17. Rc1 Qd6 18.
Bb1 Ba6 19. Rf3 Ne4 20. Nxe4 dxe4 21. Bxe4 f5 22. Rh3 Bxg5 23. fxg5 Rfc8 24. Rxc8+ Rxc8 25. Rh8+ Kxh8 26. Nf7+ Kg8 27. Nxd6 Rc3 28. Qa4 Rc1+ 29. Kf2 1-0

[Event "*** Titled Tuesday Blitz"]
[Site "Chess.com"]
[Date "2020.11.03"]
[Round "5"]
[White "PawnEatingZombie"]
[Black "geordie_derraugh"]
[Result "0-1"]
[WhiteElo "2157"]
[BlackElo "2416"]
[TimeControl "180+1"]
[EndTime "10:58:35 PST"]
[Termination "geordie_derraugh won by checkmate"]

1. d4 Nf6 2. c4 e6 3. Nc3 Bb4 4. Qc2 c5 5. dxc5 Qc7 6. a3 Bxc5 7. Nf3 O-O 8. e3 Nc6 9. Be2 b6 10. b3 Bb7 11. Bb2 d5 12. cxd5 exd5 13. O-O Rad8 14.
Nb5 Qe7 15. Nbd4 Nxd4 16. Nxd4 Ne4 17. Rad1 f6 18. b4 Bd6 19. Nf5 Qe6 20. Nxd6 Rxd6 21.
Bd4 Rc8 22. Qb2 Ng5 23. Rc1 Rdc6 24. Rxc6 Qxc6 25. Bd3 Ne6 26. g3 Nxd4 27. Qxd4 Qc3 28. Ra1 Qxd4 29. exd4 Rc3 30. Bf1 Rc2 31. a4 Rb2 32. b5 Kf7 33. a5 Bc8 34. axb6 axb6 35. Ra7+ Kg6 36. Bd3+ Kh6 37. Kg2 Rd2 38. Bf1 Rxd4 39.
Rc7 Bf5 40. Rc6 Be4+ 41. f3 Rd2+ 42. Kh3 Bxf3 43. Rxb6 Kg5 44. Rb7 Bg4# 0-1

[Event "*** Titled Tuesday Blitz"]
[Site "Chess.com"]
[Date "2020.11.03"]
[Round "5"]
[White "pfalcon1949"]
[Black "sopo-tereladze"]
[Result "0-1"]
[WhiteElo "1970"]
[BlackElo "2306"]
[TimeControl "180+1"]
[EndTime "10:58:36 PST"]
[Termination "sopo-tereladze won on time"]

1. c4 Nf6 2. Nc3 e6 3. e4 d5 4. e5 d4 5. exf6 dxc3 6. bxc3 Qxf6 7. d4 b6 8. Nf3 h6 9. Be2 Bb7 10. O-O Nd7 11. a4 Bd6 12. Re1 O-O 13. Be3 Rad8 14. a5 Rfe8 15. Qc2 e5 16. axb6 axb6 17. Ra7 exd4 18. cxd4 Be4 19. Qa2 Ra8 20. Rxa8 Rxa8 21. Qb3 Qg6 22. c5 bxc5 23. dxc5 Nxc5 24. Qc4 Bd3 25.
Bxd3 Qxd3 26. Qg4 Qe4 27. Qh3 Nd3 28. Rf1 Bc5 29. Bxc5 Nxc5 30. Qh5 Nd3 31. Qb5 c5 32. h3 c4 0-1

[Event "*** Titled Tuesday Blitz"]
[Site "Chess.com"]
[Date "2020.11.03"]
[Round "5"]
[White "gmmoranda"]
[Black "seorobert1971"]
[Result "0-1"]
[WhiteElo "2883"]
[BlackElo "2741"]
[TimeControl "180+1"]
[EndTime "10:58:37 PST"]
[Termination "seorobert1971 won by resignation"]

1. d4 Nf6 2. c4 g6 3. Nc3 d5 4. Nf3 Bg7 5. Qa4+ c6 6. cxd5 Nxd5 7. e4 Nxc3 8. bxc3 O-O 9. Be2 c5 10. Be3 Nc6 11. O-O Bd7 12. Qa3 cxd4 13. cxd4 Bg4 14. d5 Bxa1 15. Rxa1 Bxf3 16. gxf3 Ne5 17. Qb2 f6 18.
Qxb7 Rb8 19. Qa6 Qd7 20. f4 Ng4 21. Qxa7 Rb7 22. Qd4 Nxe3 23. Qxe3 Rb4 24. Kg2 Ra8 25. Bf3 Rba4 26. e5 fxe5 27. fxe5 Ra3 28. Qg5 Rxf3 29.
e6 Qc7 30. Kxf3 Qc3+ 31. Kg2 Qxa1 32. Qxe7 Rf8 33. Qh4 Qe5 34. Qc4 Qg5+ 35. Kf1 Qd2 36. Qc5 Qd1+ 37. Kg2 Rf5 38. h4 Qxd5+ 0-1

[Event "*** Titled Tuesday Blitz"]
[Site "Chess.com"]
[Date "2020.11.03"]
[Round "5"]
[White "Frogo47"]
[Black "esapunov"]
[Result "1-0"]
[WhiteElo "2459"]
[BlackElo "2630"]
[TimeControl "180+1"]
[EndTime "10:58:37 PST"]
[Termination "Frogo47 won by resignation"]

1. d4 Nf6 2. c4 g6 3. Nc3 Bg7 4. e4 O-O 5. Be2 d6 6. Be3 Na6 7. g4 e5 8. d5 Nc5 9. f3 h5 10.
g5 Nh7 11. h4 f6 12. gxf6 Bxf6 13. Bf2 a5 14. Qd2 Kg7 15. O-O-O Be7 16. Be3 Rf7 17. Nh3 Bxh4 18. Rdg1 Bxh3 19. Rxh3 Qf6 20. f4 exf4 21. Bd4 Kh6 22. Bxf6 Bxf6 23. Kb1 Be5 24. Qd1 Nf6 25.
Bf3 Rh8 26. Qe2 Rhh7 27. Qg2 Rhg7 28. Qg5+ Kh7 29. Qh4 Kg8 30. Kc2 c6 31. Rg5 Nh7 32. Rxe5 dxe5 33. Qd8+ Nf8 34. Qxa5 Ncd7 35. Qc7 Kh7 36.
Qxb7 cxd5 37. cxd5 Kh6 38. Qb4 Nf6 39. Qd6 N8d7 40. a4 Kh7 41. a5 Kh6 42. a6 Rg8 43. a7 Ra8 44. Nb5 Kg7 45. Qc6 Rff8 46. Kb1 Rfc8 47. Qb7 Kh6 48. Nc7 Rxc7 49. Qxc7 g5 50.
Bxh5 Nxh5 51. Qxd7 f3 52. Qg4 1-0

[Event "*** Titled Tuesday Blitz"]
[Site "Chess.com"]
[Date "2020.11.03"]
[Round "5"]
[White "fcliverpul"]
[Black "marabu44"]
[Result "1-0"]
[WhiteElo "2379"]
[BlackElo "2252"]
[TimeControl "180+1"]
[EndTime "10:58:39 PST"]
[Termination "fcliverpul won by resignation"]

1. e4 e5 2. Nf3 Nc6 3. d4 exd4 4. Nxd4 Bc5 5. Be3 Qf6 6. Nb5 Bxe3 7. fxe3 Qd8 8. Qg4 g6 9. Qf4 d6 10. Bc4 Ne5 11. O-O Qe7 12. N1c3 c6 13. Bxf7+ Nxf7 14. Qxf7+ Qxf7 15. Nxd6+ Ke7 16. Nxf7 Nf6 17. Nxh8 Be6 18.
Nxg6+ hxg6 19. h3 Nd7 20. Rad1 Ne5 21. b3 b5 22. Ne2 b4 23. Nf4 Bf7 24. Nd3 Nxd3 25.
cxd3 a5 26. Rc1 Be8 27. Rc4 Ra6 28. d4 Bf7 29. Rc5 a4 30. d5 cxd5 31. exd5 Be8 32. e4 axb3 33. axb3 Ra3 34. Rf3 Ra1+ 35. Kf2 Ra2+ 36.
Kg3 Re2 37. Rc4 g5 38. Rxb4 Kd6 39. Rf6+ Kc5 40. Rc4+ Kb5 41. d6 Bc6 42. Rf5+ Kb6 43. Rxg5 Bb5 44. Rxb5+ Kxb5 45. Rd4 Kc5 46. d7 Re3+ 47.
Kf4 Rxb3 48. d8=Q 1-0

[Event "*** Titled Tuesday Blitz"]
[Site "Chess.com"]
[Date "2020.11.03"]
[Round "5"]
[White "GMHess"]
[Black "ChessWarrior7197"]
[Result "0-1"]
[WhiteElo "2867"]
[BlackElo "3009"]
[TimeControl "180+1"]
[EndTime "10:58:40 PST"]
[Termination "ChessWarrior7197 won on time"]

1. d4 d5 2. c4 c6 3. cxd5 cxd5 4. Nf3 Nf6 5. Nc3 Nc6 6. Bf4 a6 7. e3 Bg4 8. Be2 Bxf3 9. Bxf3 e6 10. O-O Bd6 11.
Bxd6 Qxd6 12. Na4 O-O 13. Rc1 b5 14. Nc5 Rfc8 15. Be2 e5 16. dxe5 Qxe5 17. a4 Qxb2 18. axb5 axb5 19. Rb1 Qa3 20. Qc1 b4 21. Qb2 d4 22. exd4 Qxb2 23. Rxb2 Nxd4 24. Nd3 b3 25. Bd1 Rc3 26. Ne5 Ra2 27. Rb1 Ne4 28. Nf3 Nxf3+ 29. Bxf3 Nd2 30. Rfe1 g6 31. Rbd1 Nxf3+ 32. gxf3 Rxf3 33.
Rf1 b2 34. Rd8+ Kg7 35. Rb8 Rc3 36. Kg2 Rc2 37. Rb1 h5 38. Rb4 Kf6 39. h3 Ke5 40. Rb8 Kd4 41. Rd8+ Ke5 42. Rb8 Rd2 43. Rb5+ Kd4 44.
Rb7 Kd3 45. Rd7+ Kc2 0-1

[Event "*** Titled Tuesday Blitz"]
[Site "Chess.com"]
[Date "2020.11.03"]
[Round "5"]
[White "Meri-Arabidze"]
[Black "andriipalchuk"]
[Result "1-0"]
[WhiteElo "2656"]
[BlackElo "2450"]
[TimeControl "180+1"]
[EndTime "10:58:41 PST"]
[Termination "Meri-Arabidze won by resignation"]

1. Nf3 Nf6 2. b3 e6 3. Bb2 Be7 4.
e3 d5 5. c4 c6 6. Qc2 Nbd7 7. Be2 a5 8. Nc3 O-O 9. Rg1 dxc4 10.
Bxc4 b5 11. Be2 a4 12. bxa4 b4 13. Ne4 Nxe4 14. Qxe4 Nc5 15. Qc2 Nxa4 16. Be5 f6 17. Bg3 c5 18. h4 Ba6 19. h5 Qd5 20. h6 g6 21. Rh1 c4 22. Rh4 b3 23. axb3 cxb3 24.
Qb1 Bxe2 25. Kxe2 Qb5+ 26. Ke1 Nc3 27. dxc3 Rxa1 28. Qxa1 b2 29. Qb1 Ra8 30. Rb4 Bxb4 31. Qxb2 Qd3 32. cxb4 Rc8 33. Nd4 e5 34. Qb3+ Qxb3 35.
Nxb3 Rb8 36. Nc5 Rxb4 37. Ke2 Kf7 38. e4 Rc4 39. Nb7 Rxe4+ 40. Kf3 Rc4 41. Nd6+ 1-0

[Event "*** Titled Tuesday Blitz"]
[Site "Chess.com"]
[Date "2020.11.03"]
[Round "5"]
[White "ChelsieMonica"]
[Black "WiktoriaPOL"]
[Result "1-0"]
[WhiteElo "2320"]
[BlackElo "2086"]
[TimeControl "180+1"]
[EndTime "10:58:42 PST"]
[Termination "ChelsieMonica won on time"]

1. c4 Nf6 2. Nf3 g6 3. e3 Bg7 4.
d4 d6 5. Be2 O-O 6. Nc3 Nbd7 7.
h3 e5 8. dxe5 Nxe5 9. O-O Be6 10. Nxe5 dxe5 11. Qb3 b6 12. Bf3 Rc8 13. Rd1 Qe7 14.
Nb5 a6 15. Na7 Rcd8 16. Nc6 Rxd1+ 17. Qxd1 Qd7 18. Nxe5 Qxd1+ 19. Bxd1 Ne4 20. Nf3 Bxc4 21. Bc2 f5 22. Nd4 Rd8 23. f3 Nc5 24. b3 Rxd4 25. exd4 Bxd4+ 26. Kh1 Bxa1 27. bxc4 Bd4 28. g4 fxg4 29.
fxg4 Kf7 30. Kg2 Ke6 31. Kf3 b5 32. cxb5 axb5 33. h4 Kd5 34. h5 gxh5 35. gxh5 Ne6 36. Bxh7 Be5 37. Bg8 c5 38. h6 c4 39. h7 c3 40. Ke2 Kd6 41. Ba3+ Kd7 42. Kd3 Nf4+ 43. Kc2 Ne2 44. Bc5 Kc6 45. Be3 b4 46. Bc4 1-0

[Event "*** Titled Tuesday Blitz"]
[Site "Chess.com"]
[Date "2020.11.03"]
[Round "5"]
[White "Atousa1"]
[Black "PaulfromSPb"]
[Result "0-1"]
[WhiteElo "2421"]
[BlackElo "2715"]
[TimeControl "180+1"]
[EndTime "10:58:43 PST"]
[Termination "PaulfromSPb won on time"]

1. e4 c5 2. Nf3 d6 3. d4 cxd4 4. Nxd4 Nf6 5. Nc3 a6 6. Be2 g6 7. O-O Bg7 8. Be3 b5 9. a4 b4 10. Nd5 Bb7 11. Bf3 Nfd7 12. Nxb4 O-O 13. a5 Ne5 14.
Nd5 Nbd7 15. Be2 e6 16. Nb6 Nxb6 17. axb6 Bxe4 18. Bxa6 Rb8 19. Nb3 Bd5 20. Be2 Nc4 21. Bxc4 Bxc4 22. Re1 Bxb2 23. Rb1 Bc3 24. Bd2 Bg7 25. Be3 d5 26. Nd2 Ba6 27. Nf3 e5 28. Qd2 Re8 29. Bc5 d4 30. Ra1 Bb7 31. Qd1 Qd5 32. Ra5 Ra8 33. Rxa8 Bxa8 34. Bb4 e4 35.
Nd2 Qb5 36. Bd6 Qxb6 37. Bg3 e3 38. Nf3 Qc6 39. fxe3 dxe3 40. Qd3 Qc5 41. c3 Qxc3 42. Qxc3 Bxc3 43. Re2 Bd5 44. Bf4 Bxf3 0-1

[Event "*** Titled Tuesday Blitz"]
[Site "Chess.com"]
[Date "2020.11.03"]
[Round "5"]
[White "WPWPWP-2015"]
[Black "PavelShkapenko"]
[Result "1/2-1/2"]
[WhiteElo "2484"]
[BlackElo "2637"]
[TimeControl "180+1"]
[EndTime "10:58:43 PST"]
[Termination "Game drawn by repetition"]

1. d4 Nf6 2. Nd2 c5 3. c3 d5 4. Ngf3 cxd4 5. cxd4 Nc6 6. e3 Bf5 7. a3 e6 8. Nh4 Bg6 9. Nxg6 hxg6 10. Be2 Bd6 11.
h3 a5 12. O-O a4 13. f4 O-O 14.
Bd3 Qb6 15. Nf3 Ne4 16. Ne5 Bxe5 17. fxe5 Na5 18. Rb1 Nb3 19. Bxe4 dxe4 20. Bd2 Nxd2 21. Qxd2 Rac8 22. Rbc1 Qb3 23. Qf2 Rc4 24. Kh2 b5 25. Rxc4 Qxc4 26. Qf4 Qc2 27. Rf2 Qd3 28. h4 Qb1 29.
Qg4 Qd3 30. Qf4 Qb1 31. Rd2 Rc8 32. Rf2 Rc7 33. Qg5 Rc8 34. Qe7 Rf8 35. d5 exd5 36.
e6 f6 37. Rd2 Qe1 38. Rxd5 Qxh4+ 39. Kg1 Qe1+ 40. Kh2 Qh4+ 41. Kg1 Qe1+ 42. Kh2 Qh4+ 1/2-1/2

[Event "*** Titled Tuesday Blitz"]
[Site "Chess.com"]
[Date "2020.11.03"]
[Round "5"]
[White "ecwinslow"]
[Black "zmeeed67"]
[Result "0-1"]
[WhiteElo "2199"]
[BlackElo "2353"]
[TimeControl "180+1"]
[EndTime "10:58:43 PST"]
[Termination "zmeeed67 won on time"]

1. e4 Nc6 2. Nf3 d6 3. d4 Nf6 4. Nc3 Bg4 5. Be3 a6 6. h3 Bh5 7. Qe2 e5 8. dxe5 dxe5 9. g4 Bg6 10. Rd1 Qc8 11. Qc4 Bb4 12. Bd3 O-O 13. Kf1 b5 14. Qxc6 Bd6 15. g5 Nh5 16. Nd5 Qd8 17. c4 bxc4 18.
Qxc4 Kh8 19. Kg2 Rc8 20. Qc3 c6 21. Nb6 Rb8 22. Nc4 Bb4 23. Qc2 f6 24. a3 Be7 25. b4 fxg5 26. Nfxe5 Be8 27. Ng4 Qc7 28. e5 Nf4+ 29. Bxf4 Rxf4 30. Rhe1 c5 31. bxc5 Bc6+ 32. f3 h5 33. Nh2 g4 34. hxg4 hxg4 35. Be4 gxf3+ 36. Nxf3 Rg4+ 37. Kf2 Bxc5+ 38. Ne3 Bxe4 39. Rh1+ Kg8 40. Qc4+ Kf8 41. Rh8+ Ke7 42. Rd5 Bxe3+ 43. Kxe3 Qxc4 0-1

[Event "*** Titled Tuesday Blitz"]
[Site "Chess.com"]
[Date "2020.11.03"]
[Round "5"]
[White "vovachesss"]
[Black "Tomekas1"]
[Result "0-1"]
[WhiteElo "2671"]
[BlackElo "2475"]
[TimeControl "180+1"]
[EndTime "10:58:44 PST"]
[Termination "Tomekas1 won on time"]

1. e4 c5 2. d4 cxd4 3. c3 dxc3 4. Nxc3 d6 5. Nf3 Nf6 6. Bc4 Nc6 7. O-O e6 8. Qe2 Be7 9. Rd1 Qa5 10. Nb5 O-O 11. Nxd6 Ne5 12. Bd2 Nxf3+ 13. Qxf3 Qe5 14. Bf4 Qxb2 15.
e5 Bxd6 16. exd6 e5 17. Rab1 Qc2 18. Bxe5 Qxc4 19. Bxf6 gxf6 20. Qxf6 Qe6 21. Qg5+ Kh8 22. Rb3 Bd7 23. Re3 Qg6 24. Qe7 Bc6 25. Rg3 Qe6 26.
Qh4 Rae8 27. h3 Rg8 28. Rxg8+ Kxg8 29. d7 Bxd7 30. Qg5+ Kh8 31. Qf4 Bc6 32. Rd3 Qe1+ 33. Kh2 Qe5 34. Qxe5+ Rxe5 35. f3 Ra5 36. a3 Kg7 37.
Rc3 Bd5 0-1

[Event "*** Titled Tuesday Blitz"]
[Site "Chess.com"]
[Date "2020.11.03"]
[Round "5"]
[White "Mbneu"]
[Black "DinaBelenkaya"]
[Result "0-1"]
[WhiteElo "2220"]
[BlackElo "2353"]
[TimeControl "180+1"]
[EndTime "10:58:44 PST"]
[Termination "DinaBelenkaya won on time"]

1. d4 d5 2. c4 dxc4 3. Nf3 Nf6 4. Nc3 a6 5. a4 Nc6 6. e3 Na5 7. Ne5 Be6 8. Be2 g6 9. O-O Bg7 10. f4 c5 11. Kh1 Qc7 12. Bd2 Rd8 13. f5 gxf5 14. Qe1 Nb3 15. Rd1 cxd4 16. exd4 Rxd4 17. Qg3 Ng4 18. Nxg4 Qxg3 19. hxg3 fxg4 20. Be3 Rxd1 21.
Rxd1 f5 22. Bb6 Kf7 23. Rf1 Rc8 24. Bxg4 Kg6 25. Bf3 Nd2 26. Re1 Nxf3 27. Rxe6+ Kf7 28.
Re3 Ng5 29. Nd5 Ne4 30. Nf4 Bxb2 31. g4 e6 32. gxf5 exf5 33. Rh3 Kg8 34. Nh5 Be5 35. Rf3 c3 36. Rxf5 c2 0-1

[Event "*** Titled Tuesday Blitz"]
[Site "Chess.com"]
[Date "2020.11.03"]
[Round "5"]
[White "Dinamo3"]
[Black "GMartin_Petrov"]
[Result "0-1"]
[WhiteElo "2422"]
[BlackElo "2620"]
[TimeControl "180+1"]
[EndTime "10:58:45 PST"]
[Termination "GMartin_Petrov won by resignation"]

1. e4 c6 2. Nc3 d5 3. Nf3 g6 4. d4 Bg7 5. Be2 Bg4 6. Be3 e6 7.
h3 Bxf3 8. Bxf3 Nf6 9. O-O O-O 10. e5 Nfd7 11. Ne2 c5 12. c3 Nc6 13. Qd2 Rc8 14.
Bh6 cxd4 15. cxd4 f6 16. Bxg7 Kxg7 17. exf6+ Qxf6 18. Rae1 Rce8 19. a3 Nb6 20. b3 Nc8 21.
Rd1 Nd6 22. Kh1 h5 23. Rfe1 Nf5 24. Qf4 g5 25. Qd2 Qg6 26. Ng3 g4 27. hxg4 hxg4 28.
Be2 Nfxd4 29. Bd3 Qh6+ 30. Qxh6+ Kxh6 31. b4 a6 32. Kg1 Kg5 33. a4 Nxb4 34. Bxa6 bxa6 35.
Rxd4 Nc2 36. Re5+ Kf6 37. Nh5+ Kxe5 38. f4+ Kxd4 0-1

[Event "*** Titled Tuesday Blitz"]
[Site "Chess.com"]
[Date "2020.11.03"]
[Round "5"]
[White "Gabrielian_Artur"]
[Black "Philosopherrr"]
[Result "1-0"]
[WhiteElo "2788"]
[BlackElo "2554"]
[TimeControl "180+1"]
[EndTime "10:58:46 PST"]
[Termination "Gabrielian_Artur won by resignation"]

1. e4 e5 2. Nc3 Bc5 3. g3 d6 4. Bg2 h5 5. h3 Nc6 6. Nge2 a6 7. d3 Qf6 8. O-O Nge7 9. Kh1 h4 10. Nd5 Nxd5 11. exd5 Ne7 12. g4 Bxg4 13. hxg4 h3 14. Be4 Qh4 15. Ng3 Bxf2 16. Rxf2 Qxg3 17. Qf3 Qxf3+ 18.
Rxf3 f6 19. Be3 Rh4 20. Rg1 h2 21. Rg2 Kf7 22. Bf2 Rhh8 23. g5 c6 24. g6+ Ke8 25. c4 cxd5 26. cxd5 Rc8 27. Rxh2 Rc1+ 28. Kg2 Rxh2+ 29.
Kxh2 Rc2 30. Kg1 Rxb2 31. a4 b5 32. axb5 axb5 33. Bb6 b4 34. Rh3 Kf8 35. Rh8+ Ng8 36.
Bc7 Rb1+ 37. Kf2 b3 38. Bxd6+ Ke8 39. Bf5 1-0